 Dungeon Crawl Stone Soup version 0.25-a0-404-gc1b5a34292 (webtiles) character file.

Game seed: 2668085963352055012, levelgen mode: deterministic

38 DeadFury222 the Chopper (level 3, -8/34 HPs)
             Began as a Hill Orc Monk on Jan 10, 2020.
             Mangled by a gnoll
             ... wielding a +0 dagger of chaos
              (14 damage)
             ... on level 2 of the Dungeon.
             The game lasted 00:02:43 (1342 turns).

DeadFury222 the Chopper (Hill Orc Monk)             Turns: 1342, Time: 00:02:44

Health: -8/34      AC:  5    Str: 14    XL:     3   Next: 43%
Magic:  3/3        EV: 16    Int: 10    God:
Gold:   65         SH:  0    Dex: 18    Spells: 2/2 levels left

rFire    . . .     SeeInvis .   a - +0 hand axe
rCold    . . .     Gourm    .   (no shield)
rNeg     . . .     Faith    .   k - +0 ring mail
rPois    .         Spirit   .   (no helmet)
rElec    .         Reflect  .   (no cloak)
rCorr    .         Harm     .   (no gloves)
MR       .....                  (no boots)
Stlth    ++........             (no amulet)
HPRegen  0.11/turn              (no ring)
MPRegen  0.08/turn              (no ring)

@: agile, lethally poisoned (-8 -> -15), very slightly contaminated, lightly
drained, invisible (expiring)
A: no striking features
a: no special abilities


You were on level 2 of the Dungeon.
You were not hungry.

You visited 1 branch of the dungeon, and saw 2 of its levels.

You collected 65 gold pieces.

Inventory:

Hand Weapons
 a - a +0 hand axe (weapon)
Armour
 b - a +0 robe
 k - a +0 ring mail (worn)
Scrolls
 f - a scroll of fog {unknown}
 g - a scroll of fear {unknown}
 j - a scroll of teleportation {unknown}
 o - a scroll of amnesia {unknown}
Potions
 d - a potion of curing {unknown}
 e - 2 potions of agility {unknown}
 h - 2 potions of heal wounds {unknown}
 i - a potion of flight {unknown}
 l - 2 potions of lignification {unknown}
 n - a potion of haste {unknown}
Comestibles
 c - 3 rations


   Skills:
 * Level 4.3(4.0) Fighting
 * Level 5.1(4.8) Axes
 * Level 0.5(0.3) Armour
 - Level 2.4(2.1) Dodging
 - Level 1.5(1.3) Stealth


You had 2 spell levels left.
You didn't know any spells.
Your spell library was empty.

Dungeon Overview and Level Annotations

Branches:
Dungeon (2/15)

Altars:
Okawaru


Message History

You slash the gnoll!
The gnoll is severely wounded.
You catch the helpless gnoll completely off-guard!
You hit the gnoll but do no damage.
The gnoll is severely wounded.
The gnoll misses you.
You hit the gnoll.
The gnoll is severely wounded.
The gnoll hits you with a +0 dagger of chaos.
* * * LOW HITPOINT WARNING * * *
You are poisoned.
All of the chunks of flesh in your inventory have rotted away.
You catch the helpless gnoll completely off-guard!
You hit the gnoll.
The gnoll is almost dead.
You feel sick.
The gnoll hits you with a +0 dagger of chaos.
* * * LOW HITPOINT WARNING * * *
You are electrocuted!
You die...

#.# #.# #......#......
########.#####.#####......#......
#.....##.##.....)..).............
#.###.##.##.##.#.........#####.##
#.#.#.##.##.##.#.#########.....##
#.#...##.......#.# #.######
#.#.#######.####.#########.######
#..........>..................÷[.
####.###########@#########.......
#.# #g# ######## #.# #g## #.#
#..## #.# #...# #.# ##### ###.#
#.# #...# #≈. #.# #..## #..?.
#.###.## .≈#.##^


You could see 2 gnolls.

Vanquished Creatures
  A gnoll (D:2)
  A worm (D:2)
  A dart slug (D:2)
  A ball python (D:2)
  4 bats (D:1)
  2 giant cockroaches (D:1)
  A goblin (D:1)
  4 hobgoblins
  A quokka (D:2)
  3 frilled lizards
  A kobold (D:1)
  2 rats
22 creatures vanquished.

Notes
Turn   | Place    | Note
-------+----------+-------------------------------------------
     0 | D:1      | DeadFury222 the Hill Orc Monk began the quest for the Orb.
     0 | D:1      | Reached XP level 1. HP: 19/19 MP: 1/1
   272 | D:1      | Reached XP level 2. HP: 27/27 MP: 2/2
   969 | D:2      | Found an iron altar of Okawaru.
  1091 | D:2      | Reached XP level 3. HP: 33/33 MP: 3/3
  1337 | D:2      | Reached skill level 5 in Axes
  1342 | D:2      | Mangled by a gnoll

Levels and vault maps discovered:
D:1:      minmay_arrival_nine_rooms, layout_loops_ring
D:2:      layout_basic, fedhas_altar_4, okawaru_metal_pillars_1_2,
          chequers_ecumenical_altar_island, tgw_xom

Skill      XL: |  1  2  3 |
---------------+----------+-----
Fighting       | 4 |  4.3
Axes           | 5 |  5.1
Armour         | |  0.5
Dodging        | |  2.4
Stealth        | |  1.5

Action                   || total
-------------------------++-------
Melee: Hand axe          ||    76
 Stab: Invisible         ||     5
  Eat: Chunk             ||     1
Armor: Robe              ||     8
       Ring mail         ||    10
Dodge: Dodged            ||    37

Table legend:
 A = Non-vault XP
 B = Vault XP
 C = Vault XP percentage of total XP
 D = Non-vault monster count
 E = Vault monster count
 F = Vault count percentage of total count
                 A         B        C        D         E       F
            +---------+---------+-------+---------+---------+-------
      Total |      40 |      15 |  27.3 |      21 |       1 |   4.5
            +---------+---------+-------+---------+---------+-------
        D:1 |      21 |       0 |   0.0 |      13 |       0 |   0.0
        D:2 |      19 |      15 |  44.1 |       8 |       1 |  11.1
            +---------+---------+-------+---------+---------+-------
